 Dungeon Crawl Stone Soup version 0.32-a0-931-g5a2cda0 (webtiles) character file.

Game seed: 15467811569241131490

12290 tlatlagkaus the Grappler (level 11, -4/85 (89) HPs)
             Began as a Green Draconian Shapeshifter on Apr 13, 2024.
             Was a Follower of Ru.
             Slain by a pharaoh ant (16 damage)
             ... on level 2 of the Lair of Beasts.
             The game lasted 00:57:03 (4796 turns).

tlatlagkaus the Grappler (DrSh)                     Turns: 4796, Time: 00:57:14

HP:   -4/85 (89)    AC: 12    Str: 17    XL:     11   Next: 60%
MP:   15/15         EV:  8    Int: 10    God:    Ru [*.....]
Gold: 542           SH:  0    Dex: 15    Spells: 15/16 levels left

rFire   . .          .
                       - Unarmed
rCold   + . .        (shield currently unavailable)
rNeg    . . .        (body armour unavailable)
rPois   +            (helmet restricted)
rElec   .            (no cloak)
rCorr   .            (no gloves)
SInv    .            B - +0 pair of boots
Will    .....        (no amulet)
Stlth   +            p - ring of flight
HPRegen 1.94/turn    y - +4 ring of protection
MPRegen 0.14/turn

%: no passive effects
@: flux-form, flying, held, glowing, lightly drained
A: glow, contaminating, noxious breath, AC +7, unfitting armour, poison
resistance, cold-blooded, inability to drink after injury 2, cold resistance 1,
regeneration 2
a: Noxious Breath, Begin Untransformation, Renounce Religion


You were on level 2 of the Lair of Beasts.
You worshipped Ru.
Ru was aware of your devotion.
You were something dangerously unstable.
You visited 3 branches of the dungeon, and saw 14 of its levels.

You collected 542 gold pieces.

Inventory:

Missiles
 d - 2 curare-tipped darts
 j - 23 poisoned darts (quivered)
 o - a throwing net
Armour
 B - a +0 pair of boots (worn)
Magical Staves
 w - a staff of fire
 A - a staff of earth
Jewellery
 p - a ring of flight (left hand)
 r - a ring of positive energy
 y - a +4 ring of protection (right hand)
Talismans
 b - a beast talisman
 c - a flux talisman (active)
 x - a serpent talisman
Wands
 f - a wand of mindburst (3)
 s - a wand of charming (7)
 v - a wand of digging (8)
Scrolls
 g - 3 scrolls of teleportation
 h - 3 scrolls of fear
 i - a scroll of immolation
 k - 2 scrolls of amnesia
 l - a scroll of summoning {unknown}
 n - 4 scrolls of enchant armour
 u - 4 scrolls of revelation
 z - 2 scrolls of fog {unknown}
 C - a scroll of blinking {unknown}
Potions
 a - a potion of lignification
 e - 7 potions of mutation
 m - 2 potions of heal wounds
 q - 3 potions of curing
 t - a potion of resistance {unknown}
 D - a potion of ambrosia {unknown}
 E - 2 potions of attraction {unknown}
 F - a potion of cancellation {unknown}
 G - a potion of might {unknown}


   Skills:
 + Level 5.8 Fighting
 + Level 5.7 Dodging
 - Level 3.0 Stealth
 + Level 11.4 Unarmed Combat
 - Level 3.0 Spellcasting
 - Level 3.0 Translocations
 - Level 3.0 Evocations
 + Level 10.6 Shapeshifting


You had 15 spell levels left.
You knew the following spells:

 Your Spells              Type           Power      Damage    Failure   Level
a - Apportation           Tloc           14%        N/A       9%          1

Your spell library contained the following spells:

 Spells                   Type           Power      Damage    Failure   Level
 Jinxbite                 Hex            2%         N/A       38%         2
 Static Discharge         Conj/Air       2%         3-4/arc   38%         2
 Inner Flame              Hex/Fire       1%         N/A       63%         3
 Tukima's Dance           Hex            1%         N/A       63%         3
 Passage of Golubria      Tloc           7%         N/A       63%         4
 Dimensional Bullseye     Hex/Tloc       2%         N/A       83%         4
 Iskenderun's Mystic Bla Conj/Tloc 4%             2d3        (+2d1     83%         4
 Airstrike                Air            0%         2d(1-17)  95%         4
 Flame Wave               Conj/Fire      1%         2d4       95%         4
 Sticky Flame             Fire/Alch      1%         2d4       95%         4
 Summon Lightning Spire   Summ/Air       1%         N/A       95%         4
 Alistair's Intoxication  Alch           0%         N/A       100%        5
 Yara's Violent Unravell  Hex/Alch       0%         3d3       100%        5


Dungeon Overview and Level Annotations

Branches:
Dungeon (11/15)            Temple (1/1) D:5            Lair (2/5) D:11
    Orc (0/2) D:10
  Swamp: Lair:2-3    Shoals: Lair:2-3     Snake: Lair:2-3    Spider: Lair:2-3

Altars:
Ashenzari
Cheibriados
Dithmenos
Elyvilon
Fedhas
Gozag
Hepliaklqana
Kikubaaqudgha
Makhleb
Nemelex Xobeh
Okawaru
Qazlal
Ru
Trog
Uskayaw
Vehumet
Wu Jian
Xom
Yredelemnul
Zin
The Shining One

Annotations:
D:2 Natasha, Terence
D:5 2 transporters, 9stopf's ghost, amateur DEFi
D:7 3 runed translucent doors, sekai's ghost, novice DrBe
D:8 3 runed translucent doors, Radamante's ghost, novice TrFi; cowcow's ghost, novice NaAl; utonium's ghost, novice OnFi; znke's ghost, novice TrFi


Innate Abilities, Weirdness & Mutations

You are something dangerously unstable.
You glow with magical radiation, making you easy to see and hit.
Foes you strike become dangerously contaminated with magical radiation.
You are incapable of wielding weapons or throwing items.
You can breathe blasts of noxious fumes.
Your lurid green scales are hard. (AC +7)
You cannot fit into any form of body armour.
Your system is resistant to poisons. (rPois)
You are cold-blooded and may be slowed by cold attacks.
You sometimes lose the ability to drink potions when taking damage.
Your flesh is cold resistant. (rC+)
You heal very quickly.


Message History

You closely miss the jumping spider.
The blink frog croaks.
You hear an angry hiss.
The jumping spider misses you. x2
A black mamba comes into view.
A basilisk comes into view.
A water moccasin comes into view.
Unknown command.
You hit the jumping spider.
The jumping spider begins to glow.
You tail-slap the jumping spider.
The jumping spider is lightly wounded.
The jumping spider misses you.
The jumping spider completely misses you.
The jumping spider pounces on you!
You are caught in a web!
The jumping spider closely misses you. The blink frog hits you.
Unknown command.
Unknown command.
Aiming: Noxious Breath
Press: ? - help, Shift-Dir - straight line, f - you You exhale a blast of noxious fumes.
The blast of choking fumes hits you.
The jumping spider pounces on you but does no damage.
The jumping spider bites you but does no damage.
The pharaoh ant bites you but does no damage.
The blink frog hits you.
Unknown command.
The web tears apart.
The jumping spider barely misses you.
The jumping spider completely misses you.
The pharaoh ant completely misses you. The blink frog hits you. x2
The blink frog blinks!
The jumping spider pounces on you.
You are caught in a web!
The jumping spider barely misses you.
The blink frog begins to attack, but is stunned by your conviction!
Unknown command.
Unknown command.
The web tears apart.
The pharaoh ant bites you!!
You feel drained.
* * * LOW HITPOINT WARNING * * *
The blink frog closely misses you. The jumping spider pounces on you!
* * * LOW HITPOINT WARNING * * *
You are caught in a web!
The jumping spider bites you but does no damage.
The blink frog blinks!
The pharaoh ant bites you!
You die...
Ru respects your ultimate sacrifice.

# # .# .# #
....# # .#.. ##
# ..##... #
##.#F..# # ###
##......# #
##.#####Pl.....#
## #.)....spF†#
.######
#.#..#.##BF#
....†.#
#.########§S..
##P†..###..#
.#lS..
..........##
.#.F...
##..#.##.## .#
.... ####.####
.. .## ... .# .#
###.#


You could see a komodo dragon, a black mamba, a basilisk, a pharaoh ant, 4 blink
frogs, a jumping spider (contam) and a water moccasin.

Vanquished Creatures
  A catoblepas (Lair:2)
  A two-headed ogre (D:10)
  2 ugly things (D:11)
  A cyclops (D:11)
  7 cane toads (Lair:1)
  A rime drake (Lair:1)
  5 komodo dragons
  An unseen horror (D:11)
  A troll (D:9)
  7 yaks
  A shadow (D:10)
  2 wyverns
  A steam dragon (D:9)
  3 vampire mosquitoes (D:10)
  2 acid dragons
  3 water moccasins
  An ice beast (D:6)
  4 orc warriors
  A black bear (D:4)
  5 wolves (Lair:2)
  3 centaurs
  5 kobold brigands
  6 bullfrogs
  3 scorpions
  A gnoll sergeant (D:5)
  4 howler monkeys
  2 bombardier beetles (D:4)
  A jelly (D:5)
  10 orc priests
  3 hounds
  A human skeleton (D:8)
  2 sleepcaps
  Jessica (D:2)
  3 orc wizards
  3 iguanas (D:4)
  A boggart simulacrum (D:11)
  A hound skeleton (D:8)
  Robin (D:2)
  4 gnolls (D:5)
  2 adders (D:4)
  3 dart slugs
  33 orcs
  3 ball pythons
  3 endoplasms
  3 giant cockroaches
  14 goblins
  8 hobgoblins
  29 kobolds
  A bat (D:1)
204 creatures vanquished.

Vanquished Creatures (others)
  A komodo dragon (Lair:1)
  An orc (D:11)
2 creatures vanquished.

Grand Total: 206 creatures vanquished

Notes
Turn   | Place    | Note
-------+----------+-------------------------------------------
     0 | D:1      | tlatlagkaus the Draconian Shapeshifter began the quest for
                  | the Orb.
     0 | D:1      | Reached XP level 1. HP: 16/16 MP: 1/1
    26 | D:1      | Found a faded altar of an unknown god.
   148 | D:2      | Noticed Terence
   172 | D:2      | Reached XP level 2. HP: 20/23 MP: 2/2
   186 | D:2      | Noticed Jessica
   200 | D:2      | Killed Jessica
   201 | D:2      | Reached XP level 3. HP: 23/29 MP: 3/3
   417 | D:2      | Noticed Natasha
   427 | D:2      | Noticed Robin
   456 | D:2      | Killed Robin
   457 | D:2      | Reached skill level 4 in Unarmed Combat
   457 | D:2      | Reached XP level 4. HP: 17/37 MP: 4/4
   631 | D:4      | Noticed a scorpion
   637 | D:4      | Killed a scorpion
   638 | D:4      | Reached XP level 5. HP: 21/45 MP: 5/5
   755 | D:4      | Identified the +1 robe "Sorosu" {rC- Int+6 SInv Archmagi}
   806 | D:4      | Found a basalt altar of Yredelemnul.
   806 | D:4      | Found an iron altar of Okawaru.
   806 | D:4      | Found an opulent altar of Gozag.
   806 | D:4      | Found a hide-covered altar of Uskayaw.
   814 | D:4      | Found a stormy altar of Qazlal.
   817 | D:4      | Found a bloodstained altar of Trog.
   918 | D:4      | Reached skill level 5 in Unarmed Combat
   945 | D:4      | Reached XP level 6. HP: 35/51 MP: 6/6
   996 | D:4      | Reached skill level 5 in Shapeshifting
  1185 | D:5      | Entered Level 5 of the Dungeon
  1266 | D:5      | Found a transporter.
  1267 | D:5      | Noticed 9stopf's ghost (amateur DEFi)
  1290 | D:5      | Found a staircase to the Ecumenical Temple.
  1302 | Temple   | Entered the Ecumenical Temple
  1315 | Temple   | Became a worshipper of Ru the Awakened
  1421 | D:5      | Your scales start taking on a lurid green colour.
  1421 | D:5      | Reached XP level 7. HP: 38/57 MP: 7/7
  1421 | D:5      | Gained mutation: Your system is resistant to poisons.
                  | (rPois) [Green Draconian growth]
  1481 | D:5      | Learned a level 1 spell: Apportation
  1546 | D:5      | Found a transporter.
  1717 | D:6      | Reached skill level 1 in Stealth
  1788 | D:6      | Reached skill level 6 in Unarmed Combat
  1865 | D:6      | Gained mutation: Your natural rate of healing is unusually
                  | fast. [potion of mutation]
  1865 | D:6      | Gained mutation: You heal very quickly. [potion of
                  | mutation]
  1865 | D:6      | Gained mutation: Your flesh is cold resistant. (rC+)
                  | [potion of mutation]
  2030 | D:7      | Reached XP level 8. HP: 60/66 MP: 8/8
  2105 | D:7      | Noticed sekai's ghost (novice DrBe)
  2107 | D:7      | Found a runed translucent gate.
  2107 | D:7      | Noticed a kobold demonologist
  2108 | D:7      | Found a runed translucent gate.
  2108 | D:7      | Found a runed translucent gate.
  2125 | D:7      | Gained mutation: You occasionally lose the ability to drink
                  | potions when taking damage. [Ru sacrifice]
  2125 | D:7      | Gained mutation: You sometimes lose the ability to drink
                  | potions when taking damage. [Ru sacrifice]
  2125 | D:7      | Reached * piety under Ru
  2465 | D:8      | Found a runed translucent gate.
  2466 | D:8      | Found a runed translucent gate.
  2466 | D:8      | Found a runed translucent gate.
  2523 | D:8      | Noticed utonium's ghost (novice OnFi)
  2524 | D:8      | Noticed znke's ghost (novice TrFi)
  2524 | D:8      | Noticed Radamante's ghost (novice TrFi)
  2524 | D:8      | Noticed cowcow's ghost (novice NaAl)
  2541 | D:8      | Found a burning altar of Makhleb.
  2645 | D:8      | Reached skill level 7 in Unarmed Combat
  2969 | D:9      | Reached XP level 9. HP: 67/71 MP: 9/9
  3002 | D:9      | Noticed a troll
  3008 | D:9      | Killed a troll
  3258 | D:9      | Reached skill level 8 in Unarmed Combat
  3306 | D:10     | Entered Level 10 of the Dungeon
  3358 | D:10     | Reached skill level 5 in Dodging
  3406 | D:10     | Found a staircase to the Orcish Mines.
  3417 | D:10     | Noticed a two-headed ogre
  3427 | D:10     | Killed a two-headed ogre
  3428 | D:10     | Reached skill level 1 in Evocations
  3470 | D:10     | Found a blossoming altar of Fedhas.
  3670 | D:10     | Reached skill level 5 in Fighting
  3681 | D:10     | Reached skill level 9 in Unarmed Combat
  3681 | D:10     | Reached XP level 10. HP: 81/81 MP: 10/10
  3854 | D:11     | Noticed a cyclops
  3866 | D:11     | Killed a cyclops
  3904 | D:11     | Noticed a brown ugly thing
  3919 | D:11     | Killed a purple ugly thing
  3999 | D:11     | Noticed a cyan ugly thing
  4010 | D:11     | Killed a white ugly thing
  4011 | D:11     | Reached skill level 10 in Unarmed Combat
  4127 | D:11     | Found a staircase to the Lair.
  4213 | Lair:1   | Entered Level 1 of the Lair of Beasts
  4213 | Lair:1   | Noticed a cane toad
  4213 | Lair:1   | Found the +4 robe of Augmentation {Str+4 Int+4 Dex+4}
  4227 | Lair:1   | Killed a cane toad
  4228 | Lair:1   | Reached skill level 1 in Spellcasting
  4228 | Lair:1   | Reached skill level 1 in Translocations
  4232 | Lair:1   | Noticed a cane toad
  4233 | Lair:1   | Noticed a cane toad
  4239 | Lair:1   | Killed a cane toad
  4248 | Lair:1   | Killed a cane toad
  4249 | Lair:1   | Reached skill level 10 in Shapeshifting
  4265 | Lair:1   | Noticed a cane toad
  4272 | Lair:1   | Killed a cane toad
  4273 | Lair:1   | Reached XP level 11. HP: 64/86 MP: 13/13
  4478 | Lair:1   | Reached skill level 11 in Unarmed Combat
  4728 | Lair:2   | Noticed a catoblepas
  4740 | Lair:2   | Killed a catoblepas
  4790 | Lair:2   | Noticed a pharaoh ant
  4796 | Lair:2   | Slain by a pharaoh ant

Illustrated notes

Levels and vault maps discovered:
D:1:      roadster_arrival_rocket_small, layout_rooms,
          hellmonk_ecumenical_altar_inner_sanctum
D:2:      layout_basic, uniq_robin, uniq_terence, uniq_natasha, uniq_jessica
D:3:      layout_loops_ring, kennysheep_path_1, uniq_sigmund,
          uniq_crazy_yiuf_cottage
D:4:      layout_gridville, minmay_overflow_temple_hex
D:5:      layout_basic, minmay_temple_entry_nine_rooms, gammafunk_ghost_arena
D:6:      layout_rooms, hangedman_abyss_or_decor_passed
D:7:      layout_basic, gammafunk_ghost_nasty_kobolds,
          minmay_misc_feat_four_crosses
D:8:      layout_loops_ring, makhleb_blood_cavern_becter,
          gammafunk_ghost_cemetery
D:9:      layout_basic
D:10:     layout_basic, amcnicky_altar_gilded, led_sif_pool, orc_0_dummy
D:11:     layout_irregular_city, lair_entry_dummy
Temple:   hellmonk_temple_forest_ring
Lair:1:   layout_roguey, columned_hall_lemuel, beast_lair_carwin_5,
          lemuel_fruit_tree, lemuel_fruit_fields
Lair:2:   layout_loops_ring, nicolae_shoals_entry_roost,
          nicolae_spider_entry_lesser_pyramids

Skill      XL: |  1  2  3  4  5  6  7  8  9 10 11 |
---------------+----------------------------------+-----
Fighting       | 2 3 4 5 |  5.8
Unarmed Combat | 4 5 6 7 9 10 11 | 11.4
Shapeshifting  | 4 5 6 7 8 10 | 10.6
Dodging        | 2 3 5 |  5.7
Stealth        | 2 3 |  3.0
Evocations     | 1 3 |  3.0
Spellcasting   | 1 3 |  3.0
Translocations | 2 3 |  3.0

Action                     |  1- 3 |  4- 6 |  7- 9 | 10-12 || total
---------------------------+-------+-------+-------+-------++-------
  Melee: Unarmed           |    86 |   106 |   325 |   271 ||   788
         Tailslap          |     9 |    14 |    49 |    59 ||   131
         Punch             |     2 |     4 |       |       ||     6
  Throw: Dart              |       |     5 |       |       ||     5
   Cast: Apportation       |       |       |     1 |     8 ||     9
 Invoke: Sacrifice Drink   |       |       |     1 |       ||     1
         Reject Sacrifices |       |       |     1 |       ||     1
Ability: Noxious Breath    |       |       |     5 |     4 ||     9
    Use: Scroll            |       |       |    13 |       ||    13
         Potion            |       |       |     1 |       ||     1
   Stab: Confused          |       |       |     7 |     4 ||    11
         Distracted        |       |       |       |     1 ||     1
         Sleeping          |       |       |       |     1 ||     1
 Armour: Skin              |    52 |    45 |   162 |   121 ||   380
  Dodge: Dodged            |    45 |    56 |   239 |   211 ||   551
   Form: Flux              |       |     1 |       |       ||     1

Table legend: (Time is in decaauts)
 A = Elapsed time spent in this place.
 B = Non-inter-level travel time spent in this place.
 C = Inter-level travel time spent in this place.
 D = Time resting spent in this place.
 E = Time spent auto-exploring this place.
 F = Levels seen in this place.
 G = Mean time per level.
                   A        B        C        D        E       F      G
               +--------+--------+--------+--------+--------+-----+--------+
         Total |   4693 |   4554 |    139 |      0 |      0 |  14 |  335.2 |
       Dungeon |   4117 |   3989 |    128 |      0 |      0 |  11 |  374.3 |
        Temple |     25 |     14 |     11 |      0 |      0 |   1 |   25.0 |
          Lair |    550 |    550 |      0 |      0 |      0 |   2 |  275.0 |
               +--------+--------+--------+--------+--------+-----+--------+

Top non-repeatable levels by time:
     D:4: 595 daAuts
     D:8: 494 daAuts
  Lair:1: 482 daAuts
    D:10: 461 daAuts
     D:7: 436 daAuts
    D:11: 417 daAuts
     D:5: 389 daAuts
     D:6: 382 daAuts
     D:9: 352 daAuts
     D:2: 246 daAuts
     D:3: 194 daAuts
     D:1: 145 daAuts
  Lair:2: 68 daAuts
  Temple: 25 daAuts
